 Dungeon Crawl Stone Soup version 0.19-a0-1142-ga75ee97 (webtiles) character file.

121 IDKthis2c the Magician (level 4, -2/24 HPs)
             Began as a Deep Elf Wizard on Aug 13, 2016.
             Slain by a worker ant (8 damage)
             ... on level 4 of the Dungeon.
             The game lasted 00:40:48 (3213 turns).

IDKthis2c the Magician (Deep Elf Wizard)            Turns: 3213, Time: 00:40:51

Health: -2/24      AC:  4    Str:  4    XL:     4   Next: 77%
Magic:  6/13       EV: 13    Int: 24    God:
Gold:   165        SH:  0    Dex: 13    Spells: 6 memorised, 2 levels left

rFire  . . .     SeeInvis .     j - +0 spear
rCold  . . .     Gourm    .     a - +0 robe
rNeg   . . .     Faith    .     (no shield)
rPois  .         Spirit   .     b - +0 hat
rElec  .         Dismiss  .     o - +1 cloak
rCorr  .         Reflect  .     (no gloves)
MR     .....     Harm     .     (no boots)
Stlth  ++........               (no amulet)
                                (no ring)
                                (no ring)

@: flying (expiring), very slightly contaminated
A: no striking features
a: no special abilities


You were on level 4 of the Dungeon.
You were not hungry.

You visited 1 branch of the dungeon, and saw 4 of its levels.

You collected 165 gold pieces.

Inventory:

Hand Weapons
 f - a +0 dagger
 g - a cursed -3 club
 j - a +0 spear (weapon)
 m - a cursed -3 short sword
 r - a +0 whip
 v - a +2 hand axe of chopping
 w - a +0 falchion
 x - a +0 blowgun
 y - a +0 whip
 z - a cursed -1 mace
 A - a +2 quarterstaff of chaos
Missiles
 k - 81 arrows
 n - 29 poisoned needles
 q - 25 stones (quivered)
Armour
 a - a +0 robe (worn)
 b - a +0 hat (worn)
 o - a +1 cloak (worn)
 B - a +0 cloak
Scrolls
 l - a scroll of remove curse
 t - a scroll of blinking
 u - a scroll of teleportation
Potions
 e - a potion of heal wounds {unknown}
 i - a potion of haste {unknown}
 p - a potion of curing {unknown}
 s - a potion of degeneration {unknown}
Books
 c - a book of Minor Magic

   Spells                             Type                      Level
   a - Magic Dart                     Conjuration                  1
   b - Blink                          Translocation                2
   c - Call Imp                       Summoning                    2
   d - Repel Missiles                 Charms/Air                   2
   e - Slow                           Hexes                        2
   f - Conjure Flame                  Conjuration/Fire             3
   g - Mephitic Cloud                 Conjuration/Poison/Air       3
Comestibles
 d - 2 bread rations
 C - a chunk of flesh


   Skills:
 + Level 0.4 Fighting
 + Level 0.3 Polearms
 + Level 2.8 Dodging
 + Level 2.8 Stealth
 + Level 5.9 Spellcasting
 + Level 2.8 Conjurations
 + Level 1.4 Summonings
 + Level 1.1 Translocations


You had 2 spell levels left.
You knew the following spells:

 Your Spells              Type           Power        Failure   Level  Hunger
a - Magic Dart            Conj           ###.         2%          1    None
b - Blink                 Tloc           N/A          10%         2    None
c - Call Imp              Summ           ##......     10%         2    None
d - Repel Missiles        Chrm/Air       #.....       14%         2    None
e - Slow                  Hex            #.......     14%         2    None
f - Conjure Flame         Conj/Fire      ##......     17%         3    #......


Dungeon Overview and Level Annotations

Branches:
Dungeon (4/15)
 Temple: D:4-7

Altars:
Fedhas
Gozag


Message History

Casting: Magic Dart
Confirm with . or Enter, or press ? or * to list all spells.
Aiming: Magic Dart
Press: ? - help, Shift-Dir - straight line, f/p - worker ant
Aim: a worker ant (moderately wounded)
The magic dart hits the worker ant.
The worker ant is severely wounded.
The worker ant closely misses you.
Casting: Magic Dart
Confirm with . or Enter, or press ? or * to list all spells.
Aiming: Magic Dart
Press: ? - help, Shift-Dir - straight line, f/p - worker ant
Aim: a worker ant (severely wounded)
The magic dart hits the worker ant.
The worker ant is severely wounded.
The worker ant bites you!
* * * LOW HITPOINT WARNING * * *
The worker ant waves its antennae.
The worker ant bites you!
You die...

### ..# #.#
######a#
#...##@######
#.#...........
#
#...##.####...
#.##.###.#
#.##.###.#
#........#
###.###### #.#
##+## #.#
##...##


You could see a worker ant.

Vanquished Creatures
  A gnoll (D:1)
  A worm (D:3)
  3 dart slugs
  5 giant geckos
  4 orcs (D:3)
  6 bats
  4 giant cockroaches
  6 goblins
  8 hobgoblins
  2 ball pythons (D:2)
  4 giant newts
  11 kobolds
  12 rats
67 creatures vanquished.

Vanquished Creatures (collateral kills)
  Crazy Yiuf (D:3)
  A worm (D:2)
  A giant gecko (D:2)
  A hobgoblin (D:2)
  2 kobolds (D:2)
  A rat (D:2)
7 creatures vanquished.

Grand Total: 74 creatures vanquished

Notes
Turn   | Place    | Note
-------+----------+-------------------------------------------
     0 | D:1      | IDKthis2c the Deep Elf Wizard began the quest for the Orb.
     0 | D:1      | Reached XP level 1. HP: 10/10 MP: 7/7
   164 | D:1      | Reached XP level 2. HP: 13/15 MP: 1/9
   168 | D:1      | Learned a level 2 spell: Blink
   171 | D:1      | Learned a level 2 spell: Call Imp
   174 | D:1      | Learned a level 2 spell: Repel Missiles
   177 | D:1      | Learned a level 2 spell: Slow
   482 | D:1      | Reached skill level 5 in Spellcasting
   745 | D:1      | Reached XP level 3. HP: 10/19 MP: 6/11
   750 | D:1      | Learned a level 3 spell: Conjure Flame
  2538 | D:3      | Reached XP level 4. HP: 24/24 MP: 10/13
  2584 | D:3      | Found an opulent altar of Gozag.
  2671 | D:3      | Found a blossoming altar of Fedhas.
  2974 | D:3      | Found a runed door.
  2983 | D:3      | Noticed Crazy Yiuf
  2994 | D:3      | Killed Crazy Yiuf
  3213 | D:4      | Slain by a worker ant

Vault maps used:
D:1:      scummos_arrival_gate, minmay_misc_feat_pillars
D:2:      first_bread, serial_co_window_serial, co_window_corner_a,
          co_window_paths_b, co_window_paths_a, co_window_paths_a,
          co_window_of_opportunity_a, co_window_corner_a,
          co_window_of_opportunity_b, co_window_corner_b, co_window_2corner,
          co_window_unsneaky_path_e, co_window_of_opportunity_b,
          glass_columns_c, minivault_26, serial_bayou_pond_b
D:3:      lemuel_round_altar, nicolae_gozag_seed_capital,
          uniq_crazy_yiuf_cottage
D:4:      tso_metal_star, marbit_many_paths, nicolae_overflow_hidden_temple,
          serial_shops, shop_fountains, shop, shop, nicolae_shop_waterfront

Skill      XL: |  1  2  3 |
---------------+----------+-----
Spellcasting   | 5 |  5.9
Conjurations   | 2 |  2.8
Fighting       | |  0.4
Polearms       | |  0.3
Dodging        | |  2.8
Stealth        | |  2.8
Summonings     | |  1.4
Translocations | |  1.1

Action                   |  1- 3 |  4- 6 || total
-------------------------+-------+-------++-------
Melee: Unarmed           |     5 |       ||     5
       Spear             |     5 |     1 ||     6
 Cast: Magic Dart        |   101 |    63 ||   164
       Call Imp          |     8 |     3 ||    11
       Repel Missiles    |     2 |       ||     2
       Slow              |     1 |       ||     1
  Use: Scroll            |     4 |       ||     4
       Potion            |       |     1 ||     1
  Eat: Chunk             |     4 |     3 ||     7
Armor: Robe              |     8 |       ||     8
Dodge: Dodged            |    26 |     8 ||    34
       Deflected         |     2 |       ||     2
